 Dungeon Crawl Stone Soup version 0.21-a0-474-g05767a10c8 (webtiles) character file.

49351 Kaname the Summoner (level 14, -3/150 HPs)
             Began as a Demonspawn Venom Mage on Nov 22, 2017.
             Was the Champion of Wu Jian.
             Engulfed by a cloud of freezing vapour (13 damage)
             ... on level 5 of the Lair of Beasts.
             The game lasted 01:31:07 (17472 turns).

Kaname the Summoner (Demonspawn Venom Mage)        Turns: 17472, Time: 01:31:07

Health: -3/150     AC:  8    Str: 18    XL:     14   Next: 15%
Magic:  41/41      EV: 20    Int: 21    God:    Wu Jian [******]
Gold:   1622       SH:  0    Dex: 20    Spells: 1/25 levels left

rFire    + . .     SeeInvis .   N - +4 demon blade of the Lumpy Stories {vamp, Fragile rF+ MP+9 Str+5}
rCold    . . .     Gourm    .   (no shield)
rNeg     . . .     Faith    .   r - +1 leather armour of Supple Strength {MR+}
rPois    .         Spirit   .   u - +0 helmet
rElec    .         Reflect  .   H - scarf {repulsion}
rCorr    .         Harm     .   M - +1 pair of gloves {archery}
MR       ++...                  R - +0 pair of boots (curse)
Stlth    ..........             j - amulet of regeneration
HPRegen  0.75/turn              l - ring of magical power
MPRegen  0.27/turn              J - +3 ring of evasion

@: agile, berserking (expiring), flying, repel missiles, very quick
A: claws 2, powered by pain 3, spiny 2, sturdy frame 3
a: Serpent's Lash, Heavenly Storm, Renounce Religion


You were on level 5 of the Lair of Beasts.
You worshipped Wu Jian.
Wu Jian was exalted by your worship.
You were not hungry.

You visited 3 branches of the dungeon, and saw 21 of its levels.
You also visited: Ossuary and Volcano.

You collected 1622 gold pieces.

Inventory:

Hand Weapons
 y - the +11 short sword "Dicitaiso" {pierce, rC+ Int+4}
   (You found it on level 4 of the Dungeon)

   It inflicts extra damage upon your enemies.
   It affects your intelligence (+4).
   It protects you from cold.
 N - the +4 demon blade of the Lumpy Stories (weapon) {vamp, Fragile rF+ MP+9 Str+5}
   (You found it on level 2 of the Lair of Beasts)

   It inflicts no extra harm, but heals its wielder when it wounds a living foe.
   It affects your strength (+5).
   It protects you from fire.
   It affects your magic capacity (+9).
   It will be destroyed if unequipped.
Missiles
 i - 2 throwing nets (quivered)
Armour
 r - the +1 leather armour of Supple Strength (worn) {MR+}
   (You found it on level 4 of the Lair of Beasts)

   It affects your resistance to hostile enchantments.
 u - a +0 helmet (worn)
 w - +0 ice dragon scales
 H - a scarf of repulsion (worn)
 M - a +1 pair of gloves of archery (worn)
 R - a cursed +0 pair of boots (worn)
Jewellery
 j - an amulet of regeneration (around neck)
 l - a ring of magical power (left hand)
 J - a +3 ring of evasion (right hand)
 Y - an uncursed amulet of rage
Wands
 D - a wand of digging (28)
 P - a wand of acid (1)
 S - a wand of iceblast (2)
Scrolls
 a - 5 scrolls of enchant armour
 d - 4 scrolls of enchant weapon
 e - 4 scrolls of magic mapping
 f - 2 scrolls of holy word {unknown}
 g - 5 scrolls of fear
 h - 7 scrolls of teleportation
 m - 2 scrolls of fog
 o - 3 scrolls of amnesia
 p - 3 scrolls of immolation
 v - 15 scrolls of remove curse
 E - a scroll of acquirement {unknown}
 F - a scroll of torment {unknown}
 I - 2 scrolls of noise {unknown}
 K - a scroll of vulnerability {unknown}
 V - a scroll of brand weapon {unknown}
 Z - 2 scrolls of summoning {unknown}
Potions
 k - 5 potions of magic
 n - 3 potions of might
 q - 3 potions of flight
 s - 2 potions of brilliance {unknown}
 t - 3 potions of curing
 x - 5 potions of lignification
 z - 2 potions of berserk rage
 C - 2 potions of invisibility
 L - 6 potions of mutation
 O - 3 potions of ambrosia {unknown}
 Q - a potion of cancellation {unknown}
 T - a potion of haste {unknown}
 U - a potion of resistance {unknown}
 W - 3 potions of agility {unknown}
Books
 X - a book of the Sky

   Spells                             Type                      Level
   a - Summon Lightning Spire         Summoning/Air                4
   b - Silence                        Hexes/Air                    5
   c - Deflect Missiles               Charms/Air                   6
   d - Conjure Ball Lightning         Conjuration/Air              6
   e - Tornado                        Air                          9
Comestibles
 b - 19 fruits
 c - 13 bread rations
 A - 9 chunks of flesh
 B - 7 royal jellies
 G - 12 meat rations


   Skills:
 - Level 6.1 Fighting
 - Level 8.7(9.3) Short Blades
 + Level 5.0(7.5) Long Blades
 - Level 1.7 Dodging
 - Level 8.0 Stealth
 - Level 6.0 Spellcasting
 - Level 11.3 Conjurations
 * Level 11.9 Summonings
 - Level 2.0 Air Magic
 - Level 10.3 Poison Magic


You had one spell level left.
You knew the following spells:

 Your Spells              Type           Power        Failure   Level  Hunger
a - Venom Bolt            Conj/Pois      ######....   3%          5    #####..
b - Mephitic Cloud        Conj/Pois/Air  #####...     1%          3    ##.....
c - Olgreb's Toxic Radia  Pois           #####...     1%          4    ####...
d - Tukima's Dance        Hex            #.......     28%         3    ##.....
e - Summon Hydra          Summ           ######....   52%         7    #######
f - Summon Butterflies    Summ           ######..     1%          1    None
g - Apportation           Tloc           #.....       10%         1    None


Dungeon Overview and Level Annotations

Branches:
Dungeon (15/15)            Temple (1/1) D:4            Lair (5/6) D:11
 Shoals (0/4) Lair:2       Spider (0/4) Lair:3          Orc (0/2) D:10
 Vaults (0/5) D:13
  Slime: Lair:5-6    Depths: D:15

Altars:
Ashenzari
Cheibriados
Elyvilon
Gozag
Makhleb
Nemelex Xobeh
Qazlal
Ru
Sif Muna
Trog
Uskayaw
Vehumet
Wu Jian
Xom
Yredelemnul
Zin

Shops:
D:4 }

Annotations:
Lair:4 Rupert


Innate Abilities, Weirdness & Mutations

You have very sharp fingernails.
You are powered by pain.
You are mostly covered in sharp spines.
Your movements are significantly less encumbered by armour. (ER -6)


Message History

The Council accepts your kill.
The ice beast disappears in a puff of smoke! x2
You are engulfed in freezing vapours.
* * * LOW HITPOINT WARNING * * *
Unknown command.
Press: ? - help, v - describe, . - travel, g - get item A trident.
The floor.
There is a cloud of freezing vapour here.
Press: ? - help, v - describe, . - travel, g - get item A scale mail.
The floor.
There is a cloud of freezing vapour here.
Unknown command.
You are engulfed in freezing vapours.
* * * LOW HITPOINT WARNING * * *
You are too berserk!
You feel a strong urge to attack something.
You are engulfed in freezing vapours.
You die...

###.#.....≈≈≈.≈≈≈..≈≈.≈≈.≈....###
####......≈≈...≈≈≈≈≈...≈≈≈...###P
##.......≈≈.≈.≈≈≈≈.≈≈.≈.≈≈.......
...........≈≈≈≈≈≈≈≈≈≈≈≈≈.........
...........≈≈≈≈≈≈≈≈≈≈≈≈≈.........
...........≈≈≈≈≈≈≈≈≈≈≈≈≈.........
...........≈≈≈≈§§§[≈≈≈≈≈†........
............≈§§§§§=≈≈≈≈..........
###..#...(..≈≈≈§@§$≈≈≈≈..........
.###..##...≈≈≈≈≈("[≈≈≈≈≈...#P..##
.###..#....≈≈≈≈≈≈≈≈≈≈≈≈≈..###..#.
.....##....≈≈≈≈≈≈≈≈≈≈≈≈≈..##..#.#
.....##....≈≈≈≈≈≈≈≈≈≈≈≈≈.......##
###P.##..≈≈.≈.≈≈.≈≈≈≈.≈.≈.......#
.##......≈≈≈...≈≈≈≈≈...≈≈≈.PP....
.P#..#...≈≈≈≈.≈≈≈.≈≈..≈≈≈≈≈≈#....
..........≈≈≈≈.≈...≈.≈≈≈≈.≈#..##.


There were no monsters in sight!

Vanquished Creatures
  The ghost of Orthrus the Fighter, a journeyman KoFi of Wu Jian (Volcano)
  Snorg (D:13)
  A hydra (Lair:1)
  3 two-headed ogres
  2 dancing weapons (D:13)
  9 death yaks
  A centaur warrior (Volcano)
  A hell knight (Volcano)
  The ghost of soonmide the Basher, a novice GrEE of Hepliaklqana (D:9)
  A wizard (D:14)
  4 lindwurms (Lair:2)
  Pikel (D:7)
  3 ugly things
  A cyclops (D:11)
  5 manticores
  An ice statue (Lair:5)
  A centaur zombie (D:12)
  A black mamba (Lair:1)
  5 spiny frogs
  2 molten gargoyles (Volcano)
  A gargoyle (D:11)
  Joseph (D:7)
  3 centaur skeletons
  2 komodo dragons
  2 yaktaurs (Volcano)
  A rime drake (Lair:5)
  A merfolk (D:10)
  A tengu conjurer (D:14)
  4 polar bears
  4 trolls
  Grinder (D:6)
  The ghost of NihilVerum the Firebug, an amateur DrFE (D:3)
  18 blink frogs
  4 dream sheep (Lair:4)
  3 hippogriffs
  A snapping turtle (Lair:2)
  Sigmund (D:2)
  A tarantella (Lair:3)
  2 wyverns
  24 yaks
  2 fire bats (Volcano)
  3 basilisks
  2 vampire mosquitoes (D:12)
  A fire elemental (Lair:4)
  A steam dragon (D:11)
  Duvessa (D:5)
  9 water moccasins
  3 porcupines
  8 orc warriors
  3 black bears
  3 sky beasts
  A necrophage (D:8)
  4 ice beasts
  4 slaves (D:7)
  A phantom (D:11)
  13 ogres
  8 crocodiles
  21 centaurs
  A big kobold (shapeshifter) (D:14)
  16 bullfrogs
  4 big kobolds
  A wyvern zombie (D:14)
  3 scorpions
  9 killer bees
  Dowan (D:5)
  16 wights
  2 howler monkeys (D:6)
  6 electric eels
  5 lava snakes (Volcano)
  9 crimson imps
  A bullfrog zombie (D:6)
  7 hounds
  4 jellies
  5 orc priests
  2 bullfrog skeletons
  4 iguanas
  15 orc wizards
  6 worker ants
  Ijyb (D:5)
  A big kobold zombie (Ossuary)
  A hound skeleton (D:8)
  8 mummies (Ossuary)
  15 gnolls
  3 worker ant zombies
  14 adders
  3 shadow imps
  A white imp (Lair:5)
  An adder skeleton (D:6)
  4 worms
  5 leopard geckos
  37 orcs
  8 giant cockroaches
  10 goblins
  10 hobgoblins
  4 jackals (D:1)
  27 kobolds
  5 quokkas
  4 ball pythons
  7 bats
  5 frilled lizards
  A hobgoblin zombie (Ossuary)
  3 kobold zombies (Ossuary)
  2 leopard gecko skeletons
  A leopard gecko zombie (D:5)
  3 orc zombies (Ossuary)
  A quokka skeleton (D:6)
  A quokka zombie (D:5)
  7 rats
519 creatures vanquished.

Vanquished Creatures (collateral kills)
  An ice dragon (Lair:5)
1 creature vanquished.

Vanquished Creatures (others)
  5 fungi
  A plant (Lair:3)
6 creatures vanquished.

Grand Total: 526 creatures vanquished

Notes
Turn   | Place    | Note
-------+----------+-------------------------------------------
     0 | D:1      | Kaname the Demonspawn Venom Mage began the quest for the Orb.
     0 | D:1      | Reached XP level 1. HP: 13/13 MP: 3/3
   209 | D:1      | Gained mutation: You have sharp fingernails. [demonic ancestry]
   209 | D:1      | Reached XP level 2. HP: 13/19 MP: 5/5
   715 | D:1      | Gained mutation: You have very sharp fingernails. [demonic ancestry]
   715 | D:1      | Reached XP level 3. HP: 21/24 MP: 0/6
   881 | D:2      | Noticed Sigmund
   952 | D:1      | Learned a level 2 spell: Poisonous Vapours
   956 | D:1      | Learned a level 3 spell: Mephitic Cloud
   968 | D:2      | Killed Sigmund
   968 | D:2      | Reached skill level 5 in Poison Magic
   968 | D:2      | Gained mutation: You sometimes gain a little power by taking damage. [demonic ancestry]
   968 | D:2      | Reached XP level 4. HP: 21/30 MP: 3/7
   968 | D:2      | Gained mutation: Your movements are slightly less encumbered by armour. (ER -2) [demonic ancestry]
   968 | D:2      | Reached XP level 5. HP: 25/35 MP: 3/8
  1669 | D:3      | Reached XP level 6. HP: 34/41 MP: 9/9
  1703 | D:3      | Learned a level 4 spell: Olgreb's Toxic Radiance
  1807 | D:3      | Noticed NihilVerum's ghost (amateur DrFE)
  2457 | D:4      | Reached skill level 1 in Air Magic
  2650 | D:4      | Gained mutation: Your movements are less encumbered by armour. (ER -4) [demonic ancestry]
  2650 | D:4      | Reached XP level 7. HP: 40/46 MP: 10/10
  2699 | D:4      | Found Zumm's Gadget Emporium.
  2758 | D:4      | Found a staircase to the Ecumenical Temple.
  2767 | Temple   | Entered the Ecumenical Temple
  2818 | Temple   | Became a worshipper of the Wu Jian Council
  3020 | D:5      | Entered Level 5 of the Dungeon
  3417 | D:4      | Got a twisted short sword
  3418 | D:4      | Identified the +11 short sword "Dicitaiso" {pierce, rC+ Int+4} (You found it on level 4 of the Dungeon)
  3712 | D:5      | Found a burning altar of Makhleb.
  3756 | D:5      | Reached skill level 1 in Short Blades
  3809 | D:5      | Noticed Ijyb
  3816 | D:5      | Killed Ijyb
  3855 | D:5      | Got a twisted leather armour
  3866 | D:5      | Identified the +3 leather armour of Hairiness {rPois rF+ Int-2} (You found it on level 5 of the Dungeon)
  3873 | D:5      | Found a shimmering altar of Xom.
  4086 | D:5      | You fall through a shaft for 2 floors!
  4104 | D:7      | Noticed Joseph
  4161 | D:7      | Gained mutation: You sometimes gain power by taking damage. [demonic ancestry]
  4161 | D:7      | Reached XP level 8. HP: 52/52 MP: 6/12
  4168 | D:7      | Learned a level 5 spell: Venom Bolt
  4182 | D:7      | Noticed Pikel
  4202 | D:7      | Killed Pikel
  4202 | D:7      | Reached skill level 5 in Spellcasting
  4270 | D:7      | Reached skill level 5 in Conjurations
  4431 | D:6      | Found a glowing silver altar of Zin.
  4435 | D:6      | Reached * piety under Wu Jian
  4548 | D:5      | Noticed Dowan
  4550 | D:5      | Noticed Duvessa
  4558 | D:5      | Killed Dowan
  4559 | D:5      | Killed Duvessa
  4663 | D:6      | Gained mutation: You are partially covered in sharp spines. [demonic ancestry]
  4663 | D:6      | Reached XP level 9. HP: 57/57 MP: 13/16
  4801 | D:6      | Found a hide-covered altar of Uskayaw.
  4803 | D:6      | Found a shattered altar of Ashenzari.
  4805 | D:6      | Found a sacrificial altar of Ru.
  4974 | D:6      | Noticed Grinder
  4986 | D:6      | Killed Grinder
  5033 | D:6      | Reached skill level 1 in Fighting
  5413 | D:3      | Killed NihilVerum's ghost
  5778 | D:7      | Killed Joseph
  5927 | D:7      | Found a deep blue altar of Sif Muna.
  6112 | D:8      | Reached ** piety under Wu Jian
  6116 | D:8      | Reached XP level 10. HP: 61/70 MP: 17/17
  6152 | D:8      | Found a sand-covered staircase.
  6159 | Ossuary  | Entered an ossuary
  6478 | D:8      | Reached *** piety under Wu Jian
  6942 | D:9      | Found a stormy altar of Qazlal.
  6986 | D:9      | Reached skill level 5 in Stealth
  7217 | D:9      | Reached **** piety under Wu Jian
  7224 | D:9      | Noticed soonmide's ghost (novice GrEE)
  7255 | D:9      | Killed soonmide's ghost
  7255 | D:9      | Reached skill level 10 in Poison Magic
  7480 | D:10     | Entered Level 10 of the Dungeon
  7600 | D:10     | Found a staircase to the Orcish Mines.
  7768 | D:10     | Reached skill level 5 in Fighting
  8103 | D:10     | Gained mutation: You are mostly covered in sharp spines. [demonic ancestry]
  8103 | D:10     | Reached XP level 11. HP: 79/79 MP: 18/18
  8296 | D:10     | Learned a level 3 spell: Tukima's Dance
  8607 | D:10     | Noticed a purple ugly thing
  8612 | D:10     | Killed a purple ugly thing
  8677 | D:11     | Found a staircase to the Lair.
  8784 | D:11     | You fall through a shaft!
  8784 | D:12     | Noticed a two-headed ogre
  8795 | D:12     | Killed a two-headed ogre
  9172 | D:12     | Noticed a two-headed ogre
  9189 | D:12     | Killed a two-headed ogre
  9531 | D:12     | You fall through a shaft for 3 floors!
  9531 | D:15     | Entered Level 15 of the Dungeon
  9573 | D:14     | Reached skill level 10 in Conjurations
  9615 | D:14     | Reached skill level 5 in Short Blades
  9672 | D:14     | Noticed a wizard
  9678 | D:14     | Paralysed by a wizard for 7 turns
  9689 | D:14     | Killed a wizard
  9781 | D:14     | Reached ***** piety under Wu Jian
  9900 | D:13     | Noticed an enchanted long sword
  9907 | D:13     | Gained mutation: Your movements are significantly less encumbered by armour. (ER -6) [demonic ancestry]
  9907 | D:13     | Reached XP level 12. HP: 88/88 MP: 19/19
  9925 | D:13     | Found a gate to the Vaults.
 10602 | D:11     | Learned a level 7 spell: Summon Hydra
 10742 | D:11     | Reached skill level 1 in Summonings
 10844 | D:11     | Learned a level 1 spell: Summon Butterflies
 11011 | D:13     | Noticed Snorg
 11024 | D:13     | Killed Snorg
 11256 | D:13     | Noticed a two-headed ogre
 11258 | D:13     | Killed a two-headed ogre
 11258 | D:13     | Reached skill level 5 in Summonings
 11544 | Lair:1   | Entered Level 1 of the Lair of Beasts
 11727 | Lair:1   | Noticed a four-headed hydra
 11731 | Lair:1   | Noticed a death yak
 11764 | Lair:1   | Killed a four-headed hydra
 11770 | Lair:1   | Killed a death yak
 11797 | Lair:1   | Noticed a death yak
 11798 | Lair:1   | Noticed a death yak
 11833 | Lair:1   | Noticed a death yak
 11834 | Lair:1   | Noticed a death yak
 11834 | Lair:1   | Noticed a death yak
 11855 | Lair:1   | Killed a death yak
 11855 | Lair:1   | Reached XP level 13. HP: 65/93 MP: 22/22
 11877 | Lair:1   | Reached ****** piety under Wu Jian
 12508 | Lair:2   | Learned a level 1 spell: Apportation
 13015 | Lair:2   | Found a staircase to the Shoals.
 13219 | Lair:2   | Found the +5 scythe "Finisher" {speed, Str+3}
 13277 | Lair:2   | Got a dazzling demon blade
 13300 | Lair:2   | Identified the +4 demon blade of the Lumpy Stories {vamp, Fragile rF+ MP+9 Str+5} (You found it on level 2 of the Lair of Beasts)
 13458 | Lair:3   | Found a hole to the Spider Nest.
 13464 | Lair:3   | Reached skill level 1 in Long Blades
 13734 | Lair:3   | Reached skill level 10 in Summonings
 14539 | Lair:4   | Found a dark tunnel.
 14548 | Lair:4   | Noticed Rupert
 14725 | Volcano  | Entered a volcano
 15026 | Volcano  | Noticed Orthrus's ghost (journeyman KoFi)
 15051 | Volcano  | Killed Orthrus's ghost
 15353 | Volcano  | Found a burning altar of Makhleb.
 15980 | Lair:4   | Got a jewelled leather armour
 15991 | Lair:4   | Identified the +1 leather armour of Supple Strength {MR+} (You found it on level 4 of the Lair of Beasts)
 16617 | Lair:5   | Gained mutation: You are powered by pain. [demonic ancestry]
 16617 | Lair:5   | Reached XP level 14. HP: 100/100 MP: 23/23
 17252 | Lair:5   | HP: 4/100 [ice dragon/blast of cold (31)]
 17393 | Lair:5   | Found the +10 Black Knight's horse barding {ponderous, rPois rN+}
 17402 | Lair:5   | Reached skill level 5 in Long Blades
 17472 | Lair:5   | Engulfed by a cloud of freezing vapour

Vault maps used:
D:1:      enne_arrival_octagon_isle, minivault_25, minmay_misc_feat_rows
D:2:      grunt_decor_mini_mirrors, uniq_sigmund
D:3:      first_bread
D:4:      minmay_temple_entry_trees, serial_shops, kennysheep_little_box,
          grunt_decor_cap
D:5:      makhleb_heckhound_becter, tgw_xom, uniq_ijyb, uniq_duvessa
D:6:      black_bear_nest_1, grunt_temple_overflow_open, serial_undead,
          serial_undead_e, serial_undead_a, serial_undead_c, serial_undead_a,
          uniq_grinder
D:7:      led_sif_pool, columned_hall_lemuel, serial_bayou_lagoon_a,
          uniq_joseph, uniq_pikel
D:8:      chequers_ossuary_entry_cave
D:9:      basic_altar
D:10:     david_orc_2, hangedman_fish_farm
D:11:     lair_entry_dummy
D:12:     palyth_stone_intersect
D:13:     erik_vaults_1, nicolae_wwwww, minivault_23, uniq_snorg
D:14:     hangedman_decor_points, stair_cage_line
D:15:     gammafunk_depths_entry_grave, serial_bayou, serial_bayou_pond_c,
          serial_bayou_pond_a, serial_bayou_crossing, serial_bayou_lake_a,
          nemelex_xobeh_ov_fountains_minmay
Temple:   eino_temple_scatter_basement
Lair:1:   grunt_megastairs_3, lemuel_fruit_tree
Lair:2:   minmay_shoals_entry_hut, minmay_lindwurm_lava, lemuel_fruit_fields,
          lemuel_fruit_fields, grunt_megastairs_5, serial_bayou_shore_a
Lair:3:   spider_nest_entry_rubble, serial_bayou_lagoon_b
Lair:4:   nicolae_volcano_entry_hallway, minmay_holes, grunt_megastairs_4,
          uniq_rupert
Lair:5:   ice2_lemuel
Ossuary:  ossuary_tomb_3
Volcano:  volcano_lake

Skill      XL: |  1  2  3  4  5  6  7  8  9 10 11 12 13 14 |
---------------+-------------------------------------------+-----
Conjurations   | 2 3 4 6 8 10 11 | 11.3
Poison Magic   | 5 6 7 8 10 | 10.3
Air Magic      | 1 2 |  2.0
Stealth        | 2 3 6 8 |  8.0
Short Blades   | 2 4 5 8 |  8.7
Spellcasting   | 3 5 6 |  6.0
Fighting       | 3 5 6 |  6.1
Summonings     | 7 11 | 11.9
Long Blades    | 4 5 |  5.0
Dodging        | |  1.7

Action                   |  1- 3 |  4- 6 |  7- 9 | 10-12 | 13-15 || total
-------------------------+-------+-------+-------+-------+-------++-------
Melee: Dagger            |    65 |   153 |    31 |       |       ||   249
       Short sword       |       |       |   134 |   423 |    50 ||   607
       Demon blade       |       |       |       |       |   206 ||   206
 Cast: Sting             |    27 |       |       |       |       ||    27
       Mephitic Cloud    |     1 |       |     2 |     1 |       ||     4
       Poisonous Vapours |       |    13 |       |       |       ||    13
       Olgreb's Toxic Ra |       |     8 |    41 |    60 |    52 ||   161
       Venom Bolt        |       |       |     1 |    33 |    55 ||    89
       Summon Hydra      |       |       |       |       |     1 ||     1
Invok: Serpent's Lash    |       |       |       |       |     1 ||     1
Evoke: Wand              |       |       |       |    11 |     8 ||    19
  Use: Scroll            |     4 |     4 |     4 |     7 |     9 ||    28
       Potion            |       |       |       |     2 |     8 ||    10
 Stab: Confused          |     3 |       |       |       |       ||     3
       Sleeping          |       |     6 |     4 |    14 |     6 ||    30
  Eat: Chunk             |       |     9 |    14 |    36 |    25 ||    84
       Bread ration      |       |       |     1 |       |     1 ||     2
       Fruit             |       |       |       |       |    19 ||    19
Armor: Robe              |    13 |    27 |     5 |       |       ||    45
       Leather armour    |       |       |    25 |    78 |    31 ||   134
Dodge: Dodged            |    46 |    83 |    56 |   215 |   127 ||   527
       Deflected         |       |       |     4 |    22 |     5 ||    31
       Rpst.: Demon blade |       |       |       |       |    25 ||    25

Table legend:
 A = Spawn XP
 B = Non-spawn XP
 C = Spawn XP percentage of total XP
 D = Spawn monster count
 E = Non-spawn monster count
 F = Spawn count percentage of total count
 G = Total turns spent on level
                    A         B        C        D         E        F      G
               +---------+---------+-------+---------+---------+-------+---------
         Total |       0 |   70502 |   0.0 |       0 |     516 |   0.0 | 17472
               +---------+---------+-------+---------+---------+-------+---------
           D:1 |       0 |      53 |   0.0 |       0 |      33 |   0.0 |   939
           D:2 |       0 |     322 |   0.0 |       0 |      18 |   0.0 |   718
           D:3 |       0 |     432 |   0.0 |       0 |      34 |   0.0 |   881
           D:4 |       0 |     264 |   0.0 |       0 |      11 |   0.0 |   768
           D:5 |       0 |     686 |   0.0 |       0 |      16 |   0.0 |  1239
           D:6 |       0 |    1402 |   0.0 |       0 |      31 |   0.0 |   562
           D:7 |       0 |    2050 |   0.0 |       0 |      23 |   0.0 |   880
           D:8 |       0 |    1923 |   0.0 |       0 |      47 |   0.0 |   667
           D:9 |       0 |    2890 |   0.0 |       0 |      30 |   0.0 |   580
          D:10 |       0 |    2078 |   0.0 |       0 |      23 |   0.0 |  1197
          D:11 |       0 |    4846 |   0.0 |       0 |      36 |   0.0 |   878
          D:12 |       0 |    5455 |   0.0 |       0 |      31 |   0.0 |  1039
          D:13 |       0 |    7149 |   0.0 |       0 |      26 |   0.0 |   678
          D:14 |       0 |    3056 |   0.0 |       0 |      13 |   0.0 |   252
        Lair:1 |       0 |    9363 |   0.0 |       0 |      22 |   0.0 |   917
        Lair:2 |       0 |    5629 |   0.0 |       0 |      20 |   0.0 |   917
        Lair:3 |       0 |    7576 |   0.0 |       0 |      25 |   0.0 |  1186
        Lair:4 |       0 |    3398 |   0.0 |       0 |      18 |   0.0 |  1070
        Lair:5 |       0 |    6363 |   0.0 |       0 |      27 |   0.0 |  1003
       Ossuary |       0 |     177 |   0.0 |       0 |      16 |   0.0 |   184
       Volcano |       0 |    5390 |   0.0 |       0 |      16 |   0.0 |   835
               +---------+---------+-------+---------+---------+-------+---------
